 Dungeon Sprint DCSS version 0.26-a0-1026-g544776af23 (webtiles) character file.

Game seed: 13747537261795248899

204 sahdkjhfkaj the Blocker (level 8, -2/80 HPs)
             Began as a Deep Dwarf Fighter on Dec 9, 2020.
             Was an Elder of Makhleb.
             Splashed by a goliath frog's acid (3 damage)
             ... in the Dungeon (Sprint VI: "Thunderdome").
             The game lasted 00:03:27 (657 turns).

sahdkjhfkaj the Blocker (Deep Dwarf Fighter)         Turns: 657, Time: 00:03:28

Health: -2/80      AC:  0    Str: 23    XL:     8   Next: 79%
Magic:  8/8        EV: 13    Int:  8    God:    Makhleb [****..]
Gold:   50         SH: 13    Dex: 12    Spells: 7/7 levels left

rFire    . . .     SeeInvis .   a - +0 demon whip
rCold    . . .     Faith    .   c - +0 kite shield
rNeg     . . .     Spirit   .   b - +0 scale mail
rPois    .         Reflect  .   (no helmet)
rElec    .         Harm     .   (no cloak)
rCorr    .         Rampage  .   (no gloves)
Will     +....     NoTele   +   (no boots)
Stlth    ..........             (no amulet)
HPRegen  0.00/turn              (no ring)
MPRegen  0.11/turn              (no ring)

@: corroded, non-regenerating
A: damage resistance, heal wounds, sense surroundings 1, no regeneration
a: Heal Wounds, Minor Destruction, Lesser Servant of Makhleb, Major Destruction,
Renounce Religion


You were in the Dungeon.
You worshipped Makhleb.
Makhleb was greatly pleased with you.
You visited 1 branch You collected 500 gold pieces.
You spent 450 gold pieces at shops.

Inventory:

Hand Weapons
 a - a +0 demon whip (weapon)
Armour
 b - a +0 scale mail (worn)
 c - a +0 kite shield (worn)
Wands
 k - a wand of acid (3)
Scrolls
 j - 3 scrolls of blinking
 m - 3 scrolls of fog
Potions
 d - a potion of might
 f - 2 potions of heal wounds
 g - 4 potions of haste
 h - 2 potions of magic
 n - a potion of resistance


   Skills:
 + Level 7.4 Fighting
 * Level 10.7 Maces & Flails
 + Level 9.1 Armour
 + Level 8.1 Dodging
 * Level 11.8 Shields


You had 7 spell levels left.
You didn't know any spells.
Your spell library was empty.

Dungeon Overview and Level Annotations

Branches:
Dungeon (1/1)

Altars:
Cheibriados
Dithmenos
Fedhas
Gozag
Kikubaaqudgha
Makhleb
Okawaru
Qazlal
Ru
Sif Muna
Trog
Uskayaw
Vehumet
Wu Jian
Xom
Yredelemnul
Zin
The Shining One
Beogh
Jiyva
Lugonu

Shops:
D *[??*?*:[((!!!!

Annotations:
D Lernaean hydra


Innate Abilities, Weirdness & Mutations

You are resistant to damage.
You can heal yourself by infusing magical energy.
You passively map a small area around you.
You do not regenerate.


Message History

Items here: )) ÷÷.
The goliath frog hits you from afar!
* * * LOW HITPOINT WARNING * * *
You are splashed with acid!
* * * LOW HITPOINT WARNING * * *
You feel much better. You block the goliath frog's attack.
You feel much better. You block the goliath frog's attack.
You block the goliath frog's attack. The goliath frog hits you from afar!
The acid corrodes you!
You are splashed with acid!
The goliath frog hits you but does no damage.
Things that are here:
a +0 spear; a spriggan corpse; a hornet corpse The goliath frog hits you from afar!
The acid corrodes you!
You are splashed with acid!
* * * LOW HITPOINT WARNING * * *
You fail to use your ability.
The goliath frog hits you from afar!!
* * * LOW HITPOINT WARNING * * *
You are splashed with acid.
You die...

#_......._# #_........#
#_........# ###..)......###
#⌠...........⌠#
######.8.........8.######
##.___....[.###......_._∩##
#∩........8.# #.8........∩###
.......)....###.@...........##
.........###)..###F.........⌠#
.....[...# #.<.# #..........⌠#
........D###...###.....†....⌠#
............###.............##
#∩........8.# #.8).......∩###
##∩___......###D.†...___∩##
######.8.........8.######
#⌠...........⌠#


You could see a goliath frog.

Vanquished Creatures
  A queen ant (D)
  A bloated husk (D)
  A hornet (D)
  Sigmund (D)
  A soldier ant (D)
  A water moccasin (D)
  A hound (D)
  A gnoll shaman (D)
  Jessica (D)
  4 worker ants (D)
  4 gnolls (D)
  3 adders (D)
  2 ball pythons (D)
  A rat (D)
23 creatures vanquished.

Vanquished Creatures (others)
  A spriggan (D)
1 creature vanquished.

Grand Total: 24 creatures vanquished

Notes
Turn   | Place    | Note
-------+----------+-------------------------------------------
     0 | D        | sahdkjhfkaj the Deep Dwarf Fighter began the quest for the
                  | Orb.
     0 | D        | Reached XP level 1. HP: 20/20 MP: 1/1
     1 | D        | Found a blossoming altar of Fedhas.
     3 | D        | Found a shadowy altar of Dithmenos.
     3 | D        | Found a snail-covered altar of Cheibriados.
     4 | D        | Found a stormy altar of Qazlal.
     4 | D        | Found a viscous altar of Jiyva.
     4 | D        | Found Qewa's Staff Store.
     4 | D        | Found Aluat's Magic Scroll Shop.
     5 | D        | Found a bloodstained altar of Trog.
     5 | D        | Found Rennir's Must-Have Magic.
     5 | D        | Found Horacve's Magic Scroll Shop.
     5 | D        | Round 1.
     6 | D        | Found Zenkieni's Distillery.
     7 | D        | Found Xoozis Xeuw's Distillery.
     7 | D        | Found Buyt's Bottled Wisdom.
     7 | D        | Found a hide-covered altar of Uskayaw.
     7 | D        | Found a sacrificial altar of Ru.
     7 | D        | Found a corrupted altar of Lugonu.
     7 | D        | Found Sael's Do-It-Yourself Clinic.
    11 | D        | Found an ancient bone altar of Kikubaaqudgha.
    12 | D        | Found a basalt altar of Yredelemnul.
    13 | D        | Found a roughly hewn altar of Beogh.
    13 | D        | Noticed a worker ant
    14 | D        | Found Jomakheh's Weapon Rack.
    15 | D        | Found an opulent altar of Gozag.
    15 | D        | Found an ornate altar of the Wu Jian Council.
    15 | D        | Found a shimmering blue altar of Sif Muna.
    15 | D        | Found Azetoz's Premium Goods.
    15 | D        | Found Tesovutz's Basic Armour.
    15 | D        | Found Rysouzuc's Miscellaneous Merchandise.
    17 | D        | Noticed Sigmund
    23 | D        | Killed a worker ant
    24 | D        | Reached skill level 4 in Shields
    24 | D        | Reached XP level 2. HP: 25/28 MP: 2/2
    26 | D        | Found a glowing silver altar of Zin.
    27 | D        | Found a radiant altar of Vehumet.
    28 | D        | Found a burning altar of Makhleb.
    29 | D        | Found Nech's Identification Station.
    30 | D        | Found Seigoph's Advanced Armour.
    30 | D        | Found Efryzot's Jewellery.
    30 | D        | Found a glowing golden altar of the Shining One.
    30 | D        | Found an iron altar of Okawaru.
    30 | D        | Found a shimmering altar of Xom.
    46 | D        | Killed Sigmund
    47 | D        | Reached skill level 5 in Armour
    47 | D        | Reached skill level 7 in Shields
    47 | D        | Reached XP level 3. HP: 21/37 MP: 3/3
    47 | D        | Reached XP level 4. HP: 26/45 MP: 4/4
    47 | D        | Reached XP level 5. HP: 29/51 MP: 5/5
    57 | D        | Became a worshipper of Makhleb the Destroyer
    77 | D        | Noticed Jessica
    85 | D        | Killed Jessica
   126 | D        | Arena points: 5 (+5) [x1]
   141 | D        | Round 2.
   147 | D        | Noticed a soldier ant
   169 | D        | Killed a soldier ant
   169 | D        | Reached * piety under Makhleb
   170 | D        | Reached skill level 5 in Fighting
   170 | D        | Reached skill level 5 in Dodging
   170 | D        | Reached skill level 8 in Shields
   170 | D        | Reached XP level 6. HP: 50/61 MP: 6/6
   188 | D        | Noticed a queen ant
   207 | D        | Killed a queen ant
   208 | D        | Reached skill level 10 in Shields
   208 | D        | Reached XP level 7. HP: 28/70 MP: 7/7
   234 | D        | Reached ** piety under Makhleb
   234 | D        | Arena points: 29 (+24) [x2]
   290 | D        | Round 3.
   309 | D        | Reached XP level 8. HP: 74/78 MP: 8/8
   378 | D        | Reached *** piety under Makhleb
   387 | D        | Arena points: 92 (+63) [x3]
   449 | D        | Round 4.
   516 | D        | Reached **** piety under Makhleb
   536 | D        | Reached skill level 11 in Shields
   559 | D        | Arena points: 204 (+112) [x4]
   571 | D        | Bought a +0 demon whip for 450 gold pieces
   581 | D        | Round 5.
   585 | D        | Noticed a spriggan rider
   588 | D        | Noticed the 27-headed Lernaean hydra
   605 | D        | Noticed a bloated husk
   622 | D        | Noticed a goliath frog
   623 | D        | Killed a hornet
   623 | D        | Killed a bloated husk
   624 | D        | Reached skill level 10 in Maces & Flails
   657 | D        | HP: 1/80 [goliath frog (23)]
   657 | D        | Splashed by a goliath frog's acid

Illustrated notes

Levels and vault maps discovered:
D:        arena_sprint

Skill      XL: |  1  2  3  4  5  6  7  8 |
---------------+-------------------------+-----
Fighting       | 3 4 5 6 7 |  7.4
Maces & Flails | 3 6 7 9 10 | 10.7
Armour         | 4 5 6 8 9 |  9.1
Dodging        | 2 4 5 7 8 |  8.1
Shields        | 4 7 8 10 11 | 11.8

Action                   |  1- 3 |  4- 6 |  7- 9 || total
-------------------------+-------+-------+-------++-------
Melee: Flail             |    18 |    44 |    67 ||   129
 Abil: Heal Wounds       |       |     3 |     2 ||     5
Evoke: Wand              |     3 |       |     4 ||     7
  Use: Potion            |       |     1 |     3 ||     4
       Scroll            |       |       |     1 ||     1
Armor: Scale mail        |    11 |     6 |    16 ||    33
Dodge: Dodged            |     7 |     8 |    26 ||    41
Block: Kite shield       |     6 |    16 |    42 ||    64

Table legend: (Time is in decaauts)
 A = Elapsed time spent in this place.
 B = Non-inter-level travel time spent in this place.
 C = Inter-level travel time spent in this place.
 D = Time resting spent in this place.
 E = Time spent auto-exploring this place.
 F = Levels seen in this place.
 G = Mean time per level.
                   A        B        C        D        E       F      G
               +--------+--------+--------+--------+--------+-----+--------+
         Total |    669 |    659 |     10 |    236 |     76 |   1 |  669.0 |
       Dungeon |    669 |    659 |     10 |    236 |     76 |   1 |  669.0 |
               +--------+--------+--------+--------+--------+-----+--------+

Top non-repeatable levels by time:
       D: 669 daAuts
